 Dungeon Crawl Stone Soup version bcrawl-1.40.3b (webtiles) character file.

Game seed: 16725404008790644706

8009685 Mehrunes the Merfolkian Porcupine (level 27, -3/242 HPs)
             Began as a Merfolk Gladiator on Nov 24, 2023.
             Was the Champion of Zin.
             Slain by an infernal warmonger
             ... wielding a +6 battleaxe of chopping
              (4 damage)
             ... on level 14 of a ziggurat.
             The game lasted 04:43:49 (83109 turns).

Mehrunes the Merfolkian Porcupine (MfGl)           Turns: 83109, Time: 04:43:49

Health: -3/242     AC: 46    Str: 40    XL:     27
Magic:  33/43      EV: 38    Int: 25    God:    Zin [******]
Gold:   2555       SH:  0    Dex: 40    Spells: 7/59 levels left

rFire    + + .     GDR:     52% n - +9 bardiche (holy)
rCold    + . .     SeeInvis .   (shield currently unavailable)
rNeg     + . .     Gourm    .   j - +14 crystal plate armour of Tewibume {rPois rF+ Str+4 Dex-5, pickup}
rPois    ∞         Faith    +   g - -2 hat of the Alchemist {rElec rPois rF+ rC+ rN+ MR+ rMut rCorr}
rElec    +         Spirit   .   G - +2 cloak {MR+}
rCorr    +         Reflect  .   f - +1 pair of gloves of Blue Tender Moments {+Blink Regen+ Dex-2}
rMut     +                      Y - +2 pair of boots of the Assassin {Detection Stab+ Stlth++}
MR       ++++.                  W - amulet of faith
Stlth    ..........             i - ring of wizardry
HPRegen  0.90/turn              E - ring of Miracles {rElec Str+5 Dex+5, pickup}
MPRegen  0.28/turn

@: agile, vitalised, studying 2 skills, silenced
A: change form in water, swift swim, stealthy swim
}: 5/15 runes: serpentine, barnacled, slimy, silver, abyssal
a: Renounce Religion, Evoke Blink


You were on level 14 of a ziggurat.
You worshipped Zin.
Zin was exalted by your worship.
You were not hungry.

You visited 13 branches of the dungeon, and saw 50 of its levels.
You visited the Abyss 9 times.
You visited 1 ziggurat, and saw 14 of its levels.
You also visited: Ossuary, Gauntlet, Ice Cave and Wizlab.

You collected 10372 gold pieces.
You spent 5924 gold pieces at shops.
You donated 1893 gold pieces to Zin.

Inventory:

Hand Weapons
 n - a +9 bardiche of holy wrath (weapon)
Missiles
 d - 15 throwing nets {=f}
 A - 4129 steel javelins (quivered)
 U - 4112 javelins of penetration {=f}
Armour
 f - the +1 pair of gloves of Blue Tender Moments (worn) {+Blink Regen+ Dex-2}
   (You found it on level 1 of the Abyss)

   It affects your dexterity (-2).
   It lets you blink.
   It increases your rate of regeneration.
 g - the -2 hat of the Alchemist (worn) {rElec rPois rF+ rC+ rN+ MR+ rMut rCorr}
   (You found it on level 1 of the Realm of Zot)

   It protects you from fire.
   It protects you from cold.
   It insulates you from electricity.
   It protects you from poison.
   It protects you from negative energy.
   It affects your resistance to hostile enchantments.
   It provides partial protection from all sources of acid and corrosion.
   It protects you from mutation.
 j - the +14 crystal plate armour of Tewibume (worn) {rPois rF+ Str+4 Dex-5, pickup}
   (You acquired it on level 4 of the Abyss)

   It affects your strength (+4).
   It affects your dexterity (-5).
   It protects you from fire.
   It protects you from poison.
 t - +7 swamp dragon scales
 G - a +2 cloak of magic resistance (worn)
 Y - the +2 pair of boots of the Assassin (worn) {Detection Stab+ Stlth++}
   (You found it in a Gauntlet)

   It makes you much more stealthy.
Magical Staves
 y - an uncursed staff of wizardry
Jewellery
 i - a ring of wizardry (left hand)
 l - an uncursed ring of see invisible
 E - the ring of Miracles (right hand) {rElec Str+5 Dex+5, pickup}
   (You bought it in a shop on level 7 of the Dungeon)

   [ring of strength]

   It affects your strength (+5).
   It affects your dexterity (+5).
   It insulates you from electricity.
 N - an uncursed ring of protection from cold
 V - the ring "Moojotzuph" {+Fly MR+}
   (You found it on level 11 of the Dungeon)

   [ring of flight]

   It affects your resistance to hostile enchantments.
   It lets you fly.
 W - an amulet of faith (around neck)
Wands
 c - a wand of clouds (16)
 F - a wand of paralysis (15)
 H - a wand of scattershot (8)
 K - a wand of iceblast (43)
 L - a wand of digging (40)
 M - a wand of charming (20)
 R - a wand of acid (36)
 T - a wand of disintegration (46)
Scrolls
 p - 28 scrolls of teleportation
 q - 10 scrolls of immolation
 s - 3 scrolls of enchant weapon
 u - a scroll of brand weapon
 v - 8 scrolls of blinking
 w - 5 scrolls of vulnerability
 x - 2 scrolls of enchant armour
 I - a scroll of fog
 S - a scroll of summoning
 X - a scroll of silence
Potions
 a - 9 potions of flight
 h - 12 potions of curing
 k - a potion of resistance
 m - a potion of agility
 o - 19 potions of mutation
 r - 8 potions of brilliance
 z - 8 potions of magic
 C - a potion of haste
 D - 12 potions of lignification
 O - 3 potions of ambrosia
 P - 2 potions of might
 Z - a potion of cancellation
Miscellaneous
 b - a lamp of fire
 B - a phial of floods
 J - 8 phantom mirrors
 Q - a lightning rod (4/4)
Comestibles
 e - 71 rations {!d}


   Skills:
 - Level 25.4 Fighting
 O Level 27 Polearms
 - Level 22.2 Throwing
 + Level 16.3 Armour
 - Level 17.6 Dodging
 + Level 16.5 Spellcasting
 - Level 12.0 Charms
 * Level 19.2 Translocations
 * Level 19.2 Air Magic
 - Level 22.8 Invocations
 - Level 14.5 Evocations


You had 7 spell levels left.
You knew the following spells:

 Your Spells              Type           Power        Failure   Level  Hunger
a - Infusion              Chrm           ######..     1%          1    None
b - Song of Slaying       Chrm           ######..     1%          2    None
c - Portal Projectile     Tloc           ######       0%          3    None
d - Tornado               Tloc/Air       #######...   16%         8    #####..
e - Controlled Blink      Tloc           #######.     1%          7    ####...
f - Dispersal             Tloc           #######...   1%          6    #......
g - Lee's Rapid Deconstr  Erth           ###.......   85%         5    None
h - Deflect Missiles      Chrm/Air       #######...   1%          6    #......
i - Silence               Hex/Air        ######....   3%          5    None
j - Shatter               Erth           ###.......   100%        9    ######.

Your spell library contained the following spells:

 Spells                   Type           Power        Failure   Level  Hunger
 Apportation              Tloc           ######       0%          1    None
 Blink Other              Tloc           ######       0%          1    None
 Static Discharge         Air            ######       0%          1    None
 Blink                    Tloc           N/A          0%          2    None
 Beckoning                Tloc           #######...   0%          3    None
 Flaming Arrows           Chrm/Fire      ######..     1%          2    None
 Poisonous Vapours        Pois/Air       ######       1%          2    None
 Shock                    Conj/Air       ######.      1%          2    None
 Swiftness                Chrm/Air       #######.     1%          2    None
 Mephitic Cloud           Conj/Pois/Air  ######..     1%          3    None
 Ozocubu's Armour         Chrm/Ice       ######..     1%          3    None
 Recall                   Summ/Tloc      N/A          1%          3    None
 Regeneration             Chrm/Necr      ######....   1%          3    None
 Spectral Weapon          Hex/Chrm       ######..     1%          3    None
 Airstrike                Air            #######...   1%          4    None
 Force Lance              Tloc           #######.     1%          4    None
 Lightning Bolt           Conj/Air       ######..     1%          4    None
 Passage of Golubria      Tloc           N/A          1%          5    None
 Piercing Shot            Chrm           ######....   1%          5    None
 Freezing Cloud           Ice/Air        ######..     3%          5    None
 Summon Forest            Summ/Tloc      ######....   3%          5    None
 Summon Lightning Spire   Summ/Air       ######..     3%          5    None
 Beastly Appendage        Tmut           ###...       6%          1    None
 Corona                   Hex            ###....      6%          1    None
 Flame Tongue             Conj/Fire      ###..        6%          1    None
 Freeze                   Ice            ###...       6%          1    None
 Magic Dart               Conj           ###.         6%          1    None
 Necrotize                Necr           ###...       6%          1    None
 Sandblast                Erth           ###...       6%          1    None
 Slow                     Hex            ###.....     6%          1    None
 Sting                    Conj/Pois      ###.         6%          1    None
 Summon Butterflies       Summ           ###.....     6%          1    None
 Throw Frost              Conj/Ice       ###...       7%          2    None
 Call Imp                 Summ           ###...       10%         2    None
 Corpse Rot               Necr           N/A          10%         2    None
 Ensorcelled Hibernation  Hex/Ice        ###...       10%         2    None
 Passwall                 Tmut/Erth      ###.....     10%         2    None
 Searing Ray              Conj           ###.....     10%         2    None
 Sublimation of Blood     Necr           ###.......   10%         2    None
 Iskenderun's Battlesphe  Conj/Chrm      ######..     16%         5    None
 Steam Barrier            Chrm/Fire      ######....   16%         5    None
 Conjure Flame            Conj/Fire      ###.....     19%         3    None
 Ignite Poison            Fire/Tmut/Pois ###.....     19%         3    None
 Inner Flame              Hex/Fire       N/A          19%         3    None
 Iskenderun's Mystic Bla  Conj           ###.....     19%         3    None
 Spider Form              Tmut/Pois      ###          19%         3    None
 Stone Arrow              Conj/Erth      ###...       19%         3    None
 Vampiric Draining        Necr           ###.......   19%         3    None
 Conjure Ball Lightning   Conj/Air       ######....   19%         6    #......
 Agony                    Necr           ###.....     52%         4    None
 Animate Dead             Necr           N/A          52%         4    None
 Cause Fear               Hex            ###.......   52%         4    None
 Fulminant Prism          Conj/Hex       ###.......   52%         4    None
 Ice Form                 Ice/Tmut       ###.....     52%         4    None
 Olgreb's Toxic Radiance  Pois           ###......    52%         4    None
 Petrify                  Tmut/Erth      ###.......   52%         4    None
 Sticky Flame             Conj/Fire      ###.....     52%         4    None
 Summon Ice Beast         Ice/Summ       ###.....     52%         4    None
 Summon Scorpions         Summ/Pois      ###.....     52%         4    None
 Throw Icicle             Conj/Ice       ###.....     52%         4    None
 Tree Form                Hex/Tmut       N/A          52%         4    None
 Yara's Violent Unravell  Hex/Tmut       ###.......   52%         4    None
 Death Channel            Chrm/Necr      ######....   61%         6    #......
 Blade Hands              Tmut           ###.......   85%         5    None
 Bolt of Draining         Conj/Necr      ###.......   85%         5    None
 Bolt of Magma            Conj/Fire/Erth ###.......   85%         5    None
 Dispel Undead            Necr           ###.....     85%         5    None
 Fireball                 Conj/Fire      ###.......   85%         5    None
 Irradiate                Conj/Tmut      ###.......   85%         5    None
 Metabolic Englaciation   Hex/Ice        ###.......   85%         5    None
 Venom Bolt               Conj/Pois      ###.......   85%         5    None
 Aura of Abjuration       Summ           ###.......   100%        6    #......
 Bolt of Cold             Conj/Ice       ###.......   100%        6    #......
 Borgnjor's Vile Clutch   Necr/Erth      ###.......   100%        6    #......
 Darkness                 Hex            ###.......   100%        6    #......
 Infestation              Hex/Tmut/Pois  ###......    100%        6    #......
 Invisibility             Hex            ###.....     100%        6    #......
 Iron Shot                Conj/Erth      ###.......   100%        6    #......
 Ozocubu's Refrigeration  Ice            ###.......   100%        6    #......
 Poison Arrow             Conj/Pois      ###.......   100%        6    #......
 Simulacrum               Ice/Necr       ###.....     100%        6    #......
 Statue Form              Tmut/Erth      ###......    100%        6    #......
 Summon Hydra             Summ           ###.......   100%        6    #......
 Virulence                Hex/Pois       ###.....     100%        6    #......
 Blight                   Necr/Pois      ###......    100%        7    ####...
 Discord                  Hex            ###.......   100%        7    ####...
 Dragon Form              Tmut           ###....      100%        7    ####...
 Haunt                    Necr/Summ      ###.......   100%        7    ####...
 Icicle Burst             Conj/Ice       ###.......   100%        7    ####...
 Mana Rupture             Conj/Hex       ###.......   100%        7    ####...
 Orb of Destruction       Conj           ###.......   100%        7    ####...
 Scorpion Form            Tmut/Pois      ###.......   100%        7    ####...
 Spellforged Servitor     Conj/Summ      ###.......   100%        7    ####...
 Time Stop                Chrm/Tloc      N/A          52%         8    #####..
 Chain Lightning          Conj/Air       ######....   100%        8    #####..
 Glaciate                 Conj/Ice/Air   ######....   100%        8    #####..
 Ignition                 Hex/Fire       ###.......   100%        8    #####..
 Lehudib's Crystal Spear  Conj/Erth      ###.......   100%        8    #####..
 Necromutation            Tmut/Necr      ###.....     100%        8    #####..
 Fire Storm               Fire           ###.......   100%        9    ######.


Dungeon Overview and Level Annotations

Branches:
Dungeon (12/12)            Temple (1/1) D:7            Lair (6/6) D:9
 Shoals (3/3) Lair:3        Snake (3/3) Lair:4        Slime (5/5) Orc
    Orc (1/1) D:8          Vaults (3/3) D:12         Forest (3/3) Lair:5
  Crypt (2/2) Vaults:2       Tomb (0/3) Crypt:2      Depths (5/5) D:12
   Hell (1/1)                 Dis (0/2) Hell            Geh (0/2) Hell
    Coc (0/2) Hell            Tar (0/2) Hell            Zot (5/5) Depths:5

Altars:
Ashenzari
Cheibriados
Dithmenos
Gozag
Kikubaaqudgha
Makhleb
Nemelex Xobeh
Okawaru
Ru
Sif Muna
Vehumet
Xom
Yredelemnul
Zin
The Shining One
Jiyva

Shops:
D:6 :   D:7 =   D:10 *   D:11 }   D:12 !   Orc }*}([   Shoals:2 ??(}
Shoals:3 =   Snake:1 !*?   Vaults:1 %   Vaults:2 }   Depths:1 *   Depths:3 *=}}

Portals:
Hell: Depths:1 Depths:2 Depths:3 Depths:4 Depths:5
Abyss: Depths:2 Depths:4
Pandemonium: Depths:1 Depths:2 Depths:3 Depths:5

Annotations:
Vaults:1 1 exclusion
Vaults:2 3 runed translucent doors, Wueresid's ghost, adept VSWz
Crypt:1 2 runed translucent doors, Waammiq's ghost, veteran GrEE


Message History

* * * LOW HITPOINT WARNING * * *
Unknown command.
Okay, then.
You cannot cast spells when silenced!
Press: ? - help, v - describe, . - travel
Here: Atzahath, armed with a freezing touch (silenced, radiating silence)
Okay, then.
Wear which item? (? for menu, Esc to quit)
Okay, then.
You feel agile all of a sudden. The winds around you calm down.
The hell beast completely misses you. x2; The green death misses you.
The green death hits you but does no damage.
The cacodemon gestures at you.
Strange energies course through your body.
You feel odd for a moment.
The infernal warmonger hits you with a +6 battleaxe of chopping!!
* * * LOW HITPOINT WARNING * * *
You are engulfed in flames.
You resist.
* * * LOW HITPOINT WARNING * * *
You die...

▓...........▓
▓▓...........▓▓▓▓▓▓▓▓
...8.......8........▓
..888.....888.......▓
...8.......8........▓
......26............▓
......116...........▓
....422@62.........∩▓
.....&222...........▓
.....314............▓
...8.......8........▓
..888.....888.......▓
...8.......8........▓
▓▓...........▓▓▓▓▓▓▓▓
▓...........▓


You could see Atzahath, a Hell Sentinel, a Brimstone Fiend, an Ice Fiend, a
cacodemon, 2 demonspawn, a hell beast, 2 balrugs, 3 green deaths, a gelid black
sun, an orange demon, a hellwing and a ynoxinul.

Vanquished Creatures
  the Royal Jelly (Slime:5)
  2 juggernauts (Vaults:3)
  8 orbs of fire
  Xtahua (Depths:5)
  7 ancient liches
  7 Killer Klowns
  the Enchantress (Depths:2)
  Bai Suzhen (Vaults:1)
  14 golden dragons
  Vashnia (Snake:2)
  A shard shrike (Zig:10)
  Geryon (Hell)
  2 caustic shrikes
  Jory (Vaults:2)
  A curse toe (Zot:1)
  4 rockslimes
  5 profane servitors
  2 pearl dragons (Zig:12)
  16 bone dragons
  Nikola (Shoals:3)
  A Shadow Fiend (Zig:14)
  5 electric golems
  A Brimstone Fiend (Zig:7)
  4 Orb Demons
  20 tentacled monstrosities
  4 pandemonium lords
  2 hellephants
  An Ice Fiend (Zig:14)
  11 liches
  4 Hell Sentinels
  26 Orb Guardians (Zot:5)
  Asterion (Depths:1)
  11 wendigos
  A deep elf blademaster (Zig:5)
  6 quicksilver dragons
  2 titans (Vaults:3)
  A quicksilver dragon (shapeshifter) (Zig:9)
  16 acid blobs
  6 Executioners
  4 sphinxes
  A kraken (Shoals:1)
  47 tentacled starspawn
  8 death cobs
  11 shadow dragons
  15 storm dragons
  A greenwood witch (shapeshifter) (Zig:9)
  Agnes (Snake:1)
  5 azure jellies
  13 nagarajas
  12 draconian monks
  3 thorn hunters
  5 ghouls
  15 draconian knights
  4 tengu reavers
  11 fire giants
  6 balrugs
  A revenant (Abyss:5)
  11 frost giants
  3 greenwood witches
  An orc warlord (Vaults:3)
  6 apis
  4 daevas (Zig:12)
  A blood saint (Zig:6)
  5 war gargoyles
  3 cacodemons
  2 iron golems (Hell)
  Aizul (Depths:2)
  A ghost moth (Zot:1)
  6 angels
  A deep elf sorcerer (Abyss:3)
  12 vault wardens
  A curse skull (Crypt:2)
  An iron dragon (Depths:3)
  3 eyes of devastation
  2 draconian stormcallers
  8 draconian shifters
  5 jiangshi
  4 draconian annihilators
  4 spriggan defenders
  11 draconian scorchers
  41 very ugly things
  15 ironheart preservers
  3 ophanim
  15 reapers
  27 stone giants
  10 black draconians
  10 green draconians
  2 corrupters (Zig:6)
  21 vampire knights
  A deep elf demonologist (Abyss:3)
  10 dire elephants
  6 spark wasps
  16 red draconians
  An entropy weaver (Vaults:2)
  6 lorocyprocas
  11 yellow draconians
  8 purple draconians
  5 white draconians
  6 blizzard demons
  Azrael (Snake:2)
  A minotaur (Gauntlet)
  9 ettins
  4 merfolk impalers
  10 green deaths
  5 crystal guardians
  4 eidola
  9 merfolk javelineers
  2 deep elf death magi
  17 yaktaur captains
  9 fire dragons
  Josephine (D:12)
  A hell beast (Zig:14)
  6 ice dragons
  15 hydras
  13 naga warriors
  A ghost crab (Gauntlet)
  2 catoblepae
  14 rakshasas
  17 great orbs of eyes
  A merfolk avatar (Shoals:2)
  30 vault guards
  13 ogre magi
  10 spriggan air magi
  8 shambling mangroves
  3 alligator snapping turtles
  7 death knights
  22 anacondas
  A death ooze (Slime:5)
  5 merfolk aquamancers
  11 shadow wraiths
  A spectral fire giant (Zig:10)
  11 satyrs
  3 dancing weapons
  7 ancient automatons
  8 deep troll shamans
  2 alligators (Zig:13)
  13 hell hogs
  32 two-headed ogres
  18 death yaks
  12 vampire magi
  12 shock serpents
  8 sea snakes
  3 orc high priests (Orc)
  6 deep troll earth magi
  3 ironheart beastmasters
  2 tengu warriors
  86 thrashing horrors
  A sea snake (shapeshifter) (Vaults:3)
  12 naga sharpshooters
  9 spriggan berserkers
  A deep elf knight (Zig:5)
  12 sun demons
  25 deep trolls
  A storm dragon zombie (Crypt:2)
  6 soul eaters
  54 wretched stars
  A fire crab (Abyss:5)
  2 salamander mystics
  17 centaur warriors
  A goliath frog (shapeshifter) (Depths:4)
  29 hell knights
  34 skeletal warriors
  An iron troll (Depths:4)
  4 cherubim (Zig:12)
  12 sixfirhies
  A death drake (Zig:13)
  A gelid demonspawn (Zig:6)
  5 naga ritualists
  A quicksilver dragon simulacrum (Abyss:5)
  16 spatial maelstroms
  10 flayed ghosts
  2 golden dragon zombies
  3 obsidian statues
  5 unseen horrors
  5 spriggan druids
  2 shadow demons
  4 anaconda zombies
  4 orange crystal statues
  12 wizards
  12 necromancers
  15 glowing orange brains
  15 ironheart convokers
  39 phantasmal warriors
  2 swamp dragons (Zig:13)
  9 mana vipers
  A lindwurm (Lair:3)
  An orb spider (Abyss:4)
  A deep elf archer (Zig:5)
  5 harpies (Shoals:1)
  12 cyclopes
  8 orc knights (Orc)
  5 wolf spider zombies
  21 naga magi
  57 ugly things
  6 shining eyes
  5 anaconda skeletons
  2 deep elf magi (Zig:5)
  2 oklob plants
  2 frost giant zombies
  2 fire giant zombies
  19 fauns
  15 apocalypse crabs
  2 elephants (shapeshifter)
  12 salamanders
  15 worldbinders
  24 moths of wrath
  A guardian serpent (shapeshifter) (Abyss:5)
  10 manticores
  6 elephants
  A dire elephant zombie (Crypt:2)
  7 merfolk sirens
  29 black mambas
  8 vault sentinels
  25 will-o'-wisps
  A frost giant skeleton (Abyss:1)
  2 ice statues
  2 iron dragon skeletons (Abyss:1)
  4 water nymphs
  9 rust devils
  18 guardian serpents
  4 torpor snails
  14 orange demons
  28 cane toads
  40 smoke demons
  A dire elephant skeleton (Crypt:2)
  A gargoyle (D:11)
  A kobold demonologist (Abyss:4)
  8 hellions
  3 rime drakes
  A yaktaur zombie (Vaults:1)
  17 freezing wraiths
  A catoblepas zombie (Hell)
  6 demonic crawlers
  9 efreet
  11 komodo dragons
  45 ancient zymes
  A shock serpent skeleton (Abyss:1)
  2 anaconda simulacra (Abyss:5)
  2 dryads (Forest:1)
  A grey draconian zombie (Crypt:1)
  7 ice devils
  5 tormentors
  29 flying skulls
  A golden dragon simulacrum (Abyss:5)
  3 tengu conjurers
  7 eyes of draining
  An eye of draining (shapeshifter) (Vaults:2)
  A harpy zombie (Abyss:5)
  9 hellwings
  5 red devils
  62 yaktaurs
  3 hydra zombies (Hell)
  12 trolls
  2 trolls (shapeshifter)
  4 tyrant leeches
  15 polar bears
  3 silent spectres
  A queen bee (shapeshifter) (Abyss:5)
  2 meliai (shapeshifter)
  5 wind drakes
  30 merfolk
  31 hornets
  A wind drake (shapeshifter) (Abyss:1)
  3 hydra skeletons
  A harpy skeleton (D:12)
  A tengu simulacrum (Vaults:1)
  3 bog bodies
  2 meliai zombies (D:11)
  A fire dragon zombie (Crypt:2)
  137 raiju
  An ettin zombie (Hell)
  9 snapping turtles
  27 blink frogs
  147 slime creatures
  23 dream sheep
  14 hippogriffs
  2 hippogriffs (shapeshifter)
  2 human simulacra
  15 spriggans
  A fire giant simulacrum (Vaults:2)
  A frost giant simulacrum (Zig:10)
  2 spriggan skeletons (Zig:7)
  A tarantella (shapeshifter) (Depths:2)
  4 air elementals
  3 vampires
  20 ynoxinuls
  16 water elementals
  4 wyverns (Lair:2)
  A spriggan simulacrum (Zig:10)
  2 shadows
  27 wraiths
  78 small abominations
  A black mamba skeleton (D:10)
  A golden eye (shapeshifter) (Vaults:1)
  A human (shapeshifter) (Abyss:5)
  60 yaks
  10 humans (D:12)
  10 fire elementals
  20 golden eyes
  8 basilisks
  26 neqoxecs
  3 hungry ghosts
  34 chaos spawn
  4 redbacks (Vaults:2)
  12 vampire mosquitoes
  2 acid dragons
  An elf skeleton (Vaults:1)
  A warg (Orc)
  A faun zombie (Crypt:1)
  37 nagas
  44 spatial vortices
  Edmund (D:4)
  A torturous demonspawn zombie (Crypt:1)
  8 crocodiles
  A swamp worm (shapeshifter) (Zig:9)
  A two-headed ogre zombie (Crypt:1)
  8 water moccasins
  24 hell hounds
  2 cane toad zombies
  7 porcupines
  2 hornet zombies
  4 floating eyes
  2 cane toad skeletons
  A hydra simulacrum (Hell)
  7 ice beasts
  A swamp drake (Zig:13)
  A manticore zombie (Hell)
  17 orc warriors
  An ice beast (shapeshifter) (Depths:3)
  A snapping turtle zombie (Abyss:3)
  A black bear (D:9)
  2 black bears (shapeshifter)
  5 phantoms
  An alligator simulacrum (Hell)
  4 necrophages
  33 ogres
  29 wolves
  17 boggarts
  128 large abominations
  A hog skeleton (Crypt:2)
  25 bullfrogs
  A komodo dragon zombie (Crypt:1)
  3 kobold brigands
  A human skeleton (Vaults:1)
  2 earth elementals
  3 gnoll sergeants (D:9)
  A cyclops skeleton (Crypt:2)
  2 centaurs (D:11)
  2 wyvern skeletons
  A water moccasin skeleton (D:10)
  A polar bear zombie (Crypt:1)
  2 scorpions
  10 killer bees
  13 wights
  3 howler monkeys (D:9)
  3 electric eels
  4 orc priests
  6 crimson imps
  3 bullfrog zombies
  145 starcursed masses
  3 gnoll shamans (D:9)
  A black bear zombie (Crypt:2)
  8 hounds
  6 iron imps
  A yaktaur simulacrum (Vaults:1)
  8 quasits
  3 jellies
  A bullfrog skeleton (D:3)
  2 iguanas
  5 orc wizards
  10 hell rats
  12 worker ants
  A worker ant zombie (D:5)
  A howler monkey zombie (D:7)
  Robin (D:3)
  A howler monkey skeleton (D:4)
  A centaur zombie (Ossuary)
  13 gnolls (D:9)
  8 adders
  4 river rats (D:6)
  8 shadow imps
  7 white imps
  6 ufetubi
  2 oozes
  An iguana zombie (Crypt:2)
  An oni zombie (Crypt:2)
  A worm (D:2)
  3 adder zombies (Ossuary)
  A dart slug (D:1)
  4 leopard geckos
  36 orcs
  A ball python (D:3)
  3 bats
  A bat skeleton (Crypt:1)
  3 giant cockroaches
  15 goblins
  9 hobgoblins
  22 jackals
  13 kobolds
  6 quokkas
  2 ball python skeletons (Ossuary)
  3 frilled lizards
  A goblin skeleton (Crypt:2)
  A hobgoblin skeleton (Ossuary)
  2 hobgoblin zombies (Ossuary)
  An orc zombie (Ossuary)
  A quokka skeleton (D:4)
  21 rats
  A bush (Forest:2)
  A butterfly (Depths:1)
  A fungus (Lair:5)
  10 lurking horrors
  4 pillars of salt
  9 plants
  6 snaplasher vines (Forest:1)
  32 starspawn tentacles
  3 tentacles (Shoals:1)
4010 creatures vanquished.

Vanquished Creatures (collateral kills)
  Rupert (Lair:4)
  A shadow dragon (Zot:3)
  A green draconian (Zot:3)
  A guardian serpent (Abyss:1)
  A smoke demon (Abyss:1)
  An efreet (Abyss:1)
  A raiju (Abyss:1)
  A hell hound (Abyss:1)
8 creatures vanquished.

Vanquished Creatures (others)
  A golden dragon (Zot:5)
  4 acid blobs (Slime:5)
  2 tentacled starspawn (Abyss:5)
  5 azure jellies (Slime:5)
  A yellow draconian (Zot:3)
  A shadow wraith (Vaults:3)
  5 death oozes (Slime:5)
  2 thrashing horrors (Abyss:5)
  A deep troll (Vaults:3)
  A glowing orange brain (Slime:5)
  A wizard (Vaults:1)
  2 naga ritualists (Snake:3)
  A will-o'-wisp (Forest:3)
  A smoke demon (Abyss:5)
  A yaktaur (Vaults:1)
  5 golden eyes (Abyss:5)
  A naga (Snake:2)
  An ice beast (Zig:10)
  A boggart (Depths:3)
  3 small abominations (Abyss:5)
  A quasit (Abyss:1)
  A briar patch (Forest:2)
  14 bushes
  14 demonic plants (Abyss:4)
  44 fungi
  4 lurking horrors
  6 pillars of salt (Abyss:5)
  53 plants
  66 starspawn tentacles
  12 tentacles (Shoals:1)
255 creatures vanquished.

Grand Total: 4273 creatures vanquished

Notes
Turn   | Place    | Note
-------+----------+-------------------------------------------
     0 | D:1      | Mehrunes the Merfolk Gladiator began the quest for the Orb.
     0 | D:1      | Reached XP level 1. HP: 18/18 MP: 1/1
   102 | D:1      | Reached XP level 2. HP: 24/24 MP: 2/2
   198 | D:1      | Reached skill level 5 in Polearms
   448 | D:1      | Found a shattered altar of Ashenzari.
   473 | D:1      | Reached XP level 3. HP: 30/30 MP: 3/3
  1352 | D:2      | Got a clouded ruby amulet
  1569 | D:2      | Found a glowing silver altar of Zin.
  1724 | D:2      | Reached skill level 6 in Polearms
  1724 | D:2      | Reached XP level 4. HP: 34/37 MP: 4/4
  1885 | D:2      | Identified the amulet of Finality {Inacc Int+2} (You found
                  | it on level 2 of the Dungeon)
  1939 | D:3      | Found a basalt altar of Yredelemnul.
  1995 | D:3      | Noticed Robin
  2017 | D:3      | Killed Robin
  2094 | D:3      | Reached skill level 7 in Polearms
  2094 | D:3      | Reached XP level 5. HP: 33/43 MP: 5/5
  2607 | D:3      | Noticed an ogre
  2626 | D:3      | Killed an ogre
  2627 | D:3      | Reached skill level 5 in Fighting
  2627 | D:3      | Reached skill level 8 in Polearms
  2627 | D:3      | Reached XP level 6. HP: 51/51 MP: 6/6
  2759 | D:3      | Found a sacrificial altar of Ru.
  2852 | D:3      | Found an iron altar of Okawaru.
  3146 | D:4      | Reached skill level 9 in Polearms
  3207 | D:4      | Noticed a hungry ghost
  3222 | D:4      | Killed a hungry ghost
  3223 | D:4      | Reached XP level 7. HP: 57/57 MP: 7/7
  3302 | D:4      | Noticed Edmund
  3316 | D:4      | Killed Edmund
  3317 | D:4      | Reached skill level 5 in Dodging
  3550 | D:4      | Reached skill level 10 in Polearms
  3617 | D:4      | Found a shattered altar of Ashenzari.
  3963 | D:5      | Entered Level 5 of the Dungeon
  3967 | D:5      | Reached XP level 8. HP: 64/64 MP: 8/8
  4819 | D:5      | Reached skill level 11 in Polearms
  4885 | D:6      | Found a radiant altar of Vehumet.
  5015 | D:6      | Noticed a hippogriff
  5026 | D:6      | Killed a hippogriff
  5041 | D:6      | Reached XP level 9. HP: 59/72 MP: 9/9
  5137 | D:6      | Reached skill level 12 in Polearms
  5353 | D:6      | Found Rimmacea's Book Shoppe.
  5635 | D:6      | Found the +2 ratskin cloak {+Rats rN+}
  6247 | D:7      | Reached skill level 13 in Polearms
  6366 | D:7      | Found a staircase to the Ecumenical Temple.
  6378 | Temple   | Entered the Ecumenical Temple
  6384 | Temple   | Became a worshipper of the Shining One
  6412 | D:7      | Noticed a two-headed ogre
  6437 | D:7      | Found a sparkling altar of Nemelex Xobeh.
  6454 | D:7      | Killed a two-headed ogre
  6455 | D:7      | Reached skill level 5 in Throwing
  6455 | D:7      | Reached XP level 10. HP: 80/80 MP: 10/10
  6822 | D:7      | Found Sohourar's Jewellery Emporium.
  7047 | D:7      | Reached skill level 14 in Polearms
  7055 | D:8      | Reached * piety under the Shining One
  7087 | D:8      | Found a staircase to the Orcish Mines.
  7461 | D:8      | Found a shadowy altar of Dithmenos.
  7484 | D:8      | Noticed a two-headed ogre
  7508 | D:8      | Killed a two-headed ogre
  7641 | D:8      | Found a sand-covered staircase.
  7646 | Ossuary  | Entered an ossuary
  7692 | Ossuary  | Reached ** piety under the Shining One
  7991 | Ossuary  | Reached skill level 15 in Polearms
  8373 | D:8      | Reached XP level 11. HP: 86/89 MP: 11/11
  8411 | D:8      | Reached *** piety under the Shining One
  8412 | D:8      | Reached skill level 1 in Invocations
  8448 | D:8      | Reached skill level 10 in Dodging
  9399 | D:9      | Found a staircase to the Lair.
  9538 | D:9      | Reached skill level 16 in Polearms
 10114 | D:10     | Entered Level 10 of the Dungeon
 10124 | D:10     | Reached **** piety under the Shining One
 10170 | D:10     | Noticed a tengu warrior
 10268 | D:10     | Killed a tengu warrior
 10318 | D:10     | Reached skill level 10 in Fighting
 10334 | D:10     | Noticed a cyclops
 10353 | D:10     | Killed a cyclops
 10400 | D:10     | Found Woxzu's Whimsical Warehouse.
 10447 | D:10     | Noticed a white ugly thing
 10447 | D:10     | Noticed a seven-headed hydra
 10480 | D:10     | Killed a white ugly thing
 10651 | D:10     | Reached XP level 12. HP: 97/97 MP: 15/15
 11030 | D:11     | Reached skill level 17 in Polearms
 11085 | D:11     | Noticed a centaur warrior
 11096 | D:11     | Killed a centaur warrior
 11297 | D:11     | Noticed a two-headed ogre
 11300 | D:11     | Killed a two-headed ogre
 11301 | D:11     | Reached skill level 5 in Invocations
 11594 | D:11     | Got a slimy granite ring
 11597 | D:11     | Identified the ring "Moojotzuph" {+Fly MR+} (You found it
                  | on level 11 of the Dungeon)
 11833 | D:11     | Found Weode's Gadget Emporium.
 11890 | D:11     | Noticed a centaur warrior
 11891 | D:11     | Noticed a two-headed ogre
 11901 | D:11     | Killed a centaur warrior
 12086 | D:11     | Noticed a catoblepas
 12103 | D:11     | Killed a catoblepas
 12295 | D:11     | Found Weode's Gadget Emporium.
 12385 | D:11     | Killed a two-headed ogre
 12873 | Lair:1   | Entered Level 1 of the Lair of Beasts
 12927 | Lair:1   | Found a gate leading to a gauntlet.
 12948 | Gauntlet | Entered a Gauntlet
 12948 | Gauntlet | Found a transporter.
 12948 | Gauntlet | Found a transporter.
 12954 | Gauntlet | Found a transporter.
 12964 | Gauntlet | Found a transporter.
 12974 | Gauntlet | Found a transporter.
 12974 | Gauntlet | Found a transporter.
 12974 | Gauntlet | Noticed a ghost crab
 12975 | Gauntlet | Found a transporter.
 12975 | Gauntlet | Noticed a death ooze
 12981 | Gauntlet | Found a transporter.
 13003 | Gauntlet | Found a transporter.
 13016 | Gauntlet | Found a transporter.
 13023 | Gauntlet | Found a transporter.
 13037 | Gauntlet | Found a transporter.
 13076 | Gauntlet | Found a transporter.
 13091 | Gauntlet | Found a transporter.
 13092 | Gauntlet | Noticed a tengu warrior
 13102 | Gauntlet | Found the +2 pair of boots of the Assassin {Detection Stab+
                  | Stlth++}
 13191 | Gauntlet | Found a transporter.
 13206 | Gauntlet | Found a transporter.
 13402 | Gauntlet | Killed a tengu warrior
 13456 | Gauntlet | Killed a ghost crab
 13457 | Gauntlet | Reached skill level 18 in Polearms
 13463 | Gauntlet | Got a steaming hat
 13474 | Gauntlet | Identified the cursed -2 hat of Fedhas's Outrage {rF+
                  | Dex+3} (You found it in a Gauntlet)
 13511 | Gauntlet | Noticed a minotaur
 13522 | Gauntlet | Killed a minotaur
 13523 | Gauntlet | Reached XP level 13. HP: 74/106 MP: 17/17
 13624 | Lair:1   | Reached ***** piety under the Shining One
 14634 | Lair:1   | Got an ancient great mace
 15057 | Lair:2   | Reached skill level 19 in Polearms
 16271 | Lair:3   | Found a frozen archway.
 16280 | IceCv    | Entered an ice cave
 16426 | IceCv    | Reached skill level 10 in Throwing
 16426 | IceCv    | Reached XP level 14. HP: 107/115 MP: 18/18
 16502 | IceCv    | Reached skill level 20 in Polearms
 16824 | IceCv    | Noticed a frost giant
 16842 | IceCv    | Killed a frost giant
 16873 | IceCv    | Got a coiled marble ring
 16881 | IceCv    | Identified the ring of Tender Moments {Ice rElec} (You
                  | found it in an ice cave)
 17560 | Lair:3   | Found a staircase to the Shoals.
 18137 | Lair:4   | Noticed Rupert
 18170 | Lair:4   | Killed Rupert
 18264 | Lair:4   | Reached skill level 21 in Polearms
 18561 | Lair:4   | Found a staircase to the Snake Pit.
 18561 | Lair:4   | Noticed a sphinx
 18576 | Lair:4   | Killed a sphinx
 19276 | Lair:5   | Reached XP level 15. HP: 123/123 MP: 19/19
 20094 | Lair:5   | Found a staircase to the Spriggan Forest.
 20626 | Lair:6   | Entered Level 6 of the Lair of Beasts
 20831 | Lair:6   | Reached skill level 22 in Polearms
 20877 | Lair:6   | Reached skill level 15 in Dodging
 21112 | D:7      | Bought the ring of Miracles {rElec Str+5 Dex+5} for 678
                  | gold pieces
 21118 | D:7      | Bought an uncursed amulet of faith for 480 gold pieces
 21540 | Lair:6   | Reached ****** piety under the Shining One
 22772 | Shoals:1 | Entered Level 1 of the Shoals
 22843 | Shoals:1 | Received a gift from the Shining One
 22931 | Shoals:1 | Reached XP level 16. HP: 121/132 MP: 20/20
 23220 | Shoals:1 | Reached skill level 23 in Polearms
 23276 | Shoals:1 | Noticed a kraken
 23317 | Shoals:1 | Killed a kraken
 23866 | Shoals:2 | Found Laec Xal's Weapon Emporium.
 23910 | Shoals:2 | Found Sugaisy's Gadget Boutique.
 23941 | Shoals:2 | Found Bepoos's Magic Scroll Boutique.
 23944 | Shoals:2 | Bought a scroll of acquirement for 988 gold pieces
 23944 | Shoals:2 | Identified the +4 bardiche "Dragon's Tongue" {holy, rC+
                  | SInv} (You acquired it on level 2 of the Shoals)
 23944 | Shoals:2 | Identified the amulet of the Mutiny {Acrobat rF+ Str+4
                  | Int-3} (You acquired it on level 2 of the Shoals)
 24431 | Shoals:2 | Reached skill level 1 in Evocations
 24466 | Shoals:2 | Found Hitig's Magic Scroll Emporium.
 24619 | Shoals:3 | Entered Level 3 of the Shoals
 24622 | Shoals:3 | Got a shimmering bone ring
 24624 | Shoals:3 | Identified the ring of Ymnit {Fire Stlth+} (You found it on
                  | level 3 of the Shoals)
 24784 | Shoals:3 | Found Aliuwn's Jewellery Boutique.
 25373 | Shoals:3 | Got a barnacled rune of Zot
 25400 | Shoals:3 | Identified the +1 pair of gloves of the Hidden Vale {-Cast
                  | rPois Int+4 Stlth+}
 25400 | Shoals:3 | Noticed Nikola
 25412 | Shoals:3 | Killed Nikola
 25553 | Shoals:3 | Reached XP level 17. HP: 103/140 MP: 22/22
 25564 | Shoals:3 | Identified the cursed ring "Tuuhuij" {Fire SInv}
 25733 | Shoals:3 | Received a gift from the Shining One
 26089 | Orc      | Entered the Orcish Mines
 26161 | Orc      | Found Naucsipt's Gadget Boutique.
 26279 | Orc      | Reached skill level 24 in Polearms
 26372 | Orc      | Received a gift from the Shining One
 26495 | Orc      | Found Ixtel Othri's General Store.
 26498 | Orc      | Found Useraoky's Gadget Shop.
 26545 | Orc      | Found Gutwecw's Antique Weapon Emporium.
 26554 | Orc      | Found Gesogg's Armour Boutique.
 26895 | Orc      | Found a viscous altar of Jiyva.
 26895 | Orc      | Found a staircase to the Slime Pits.
 27291 | D:12     | Entered Level 12 of the Dungeon
 27404 | D:12     | Found a staircase to the Depths.
 27408 | D:12     | Reached skill level 15 in Fighting
 27573 | D:12     | Found Ruhehei's Distillery.
 27837 | D:12     | Noticed Josephine
 27839 | D:12     | Received a gift from the Shining One
 27840 | D:12     | Killed Josephine
 28194 | D:12     | Reached skill level 1 in Armour
 28261 | D:12     | Found a gate to the Vaults.
 28384 | Depths:1 | Entered Level 1 of the Depths
 28492 | Depths:1 | Found a gateway to Hell.
 28503 | Depths:1 | Noticed Asterion
 28514 | Depths:1 | Killed Asterion
 28526 | Depths:1 | Reached skill level 5 in Evocations
 28754 | Depths:1 | Found Biedek's Elemental Accessories.
 28964 | Depths:1 | Found a runed door.
 28991 | Depths:1 | Received a gift from the Shining One
 29001 | Depths:1 | Found a one-way gate leading to the halls of Pandemonium.
 29090 | Depths:1 | Found a snail-covered altar of Cheibriados.
 29122 | Depths:1 | Reached XP level 18. HP: 149/149 MP: 24/24
 30023 | Depths:2 | Identified the ring "Ymiroru" {Ice Dex+2}
 30192 | Depths:2 | Received a gift from the Shining One
 30202 | Depths:2 | Reached skill level 25 in Polearms
 30331 | Depths:2 | Found a one-way gate to the infinite horrors of the Abyss.
 30675 | Depths:2 | Identified the +3 faerie dragon scales {rCorr Int+7}
 30675 | Depths:2 | Noticed the Enchantress
 30857 | Depths:2 | Noticed Aizul
 30880 | Depths:2 | Killed Aizul
 31471 | Shoals:2 | Bought a scroll of acquirement for 780 gold pieces
 31471 | Shoals:2 | Identified the scarf of Feluytucw {rC+ rF+, MR++} (You
                  | acquired it on level 2 of the Shoals)
 31471 | Shoals:2 | Identified the amulet of Eternal Night {Gourm rElec Dex+4
                  | Slay-4 SInv} (You acquired it on level 2 of the Shoals)
 32152 | Depths:2 | Killed the Enchantress
 32458 | Depths:2 | Received a gift from the Shining One
 33341 | Depths:3 | Noticed a wendigo
 33530 | Depths:3 | Noticed a wendigo
 33530 | Depths:3 | Received a gift from the Shining One
 33722 | Depths:3 | Reached XP level 19. HP: 146/157 MP: 26/26
 33741 | Depths:3 | Reached skill level 10 in Invocations
 33745 | Depths:3 | Noticed a rockslime
 33756 | Depths:3 | Killed a rockslime
 33785 | Depths:3 | Noticed a golden dragon
 34077 | Depths:3 | Noticed a tentacled monstrosity
 34085 | Depths:3 | Killed a tentacled monstrosity
 34147 | Depths:3 | Reached skill level 26 in Polearms
 34224 | Depths:3 | Received a gift from the Shining One
 34228 | Depths:3 | Identified the ring "Huocw" {rC+ EV+1 Str+4 Stlth-}
 34553 | Depths:3 | Found Kiha's Gadget Shop.
 34566 | Depths:3 | Found Qyqir's Jewellery Shoppe.
 34567 | Depths:3 | Found Catuosew's Gadget Shop.
 34617 | Depths:3 | Killed a golden dragon
 34923 | Depths:3 | Reached skill level 5 in Armour
 34952 | Depths:3 | Found Efuhioj's Assorted Antiques.
 35439 | Depths:4 | Received a gift from the Shining One
 35439 | Depths:4 | Noticed a rockslime
 35540 | Depths:4 | Identified the cursed -3 pair of boots "Cinic" {*Corrode
                  | MP+9 Int+4}
 35599 | Depths:4 | Reached skill level 15 in Throwing
 35604 | Depths:4 | Noticed an ancient lich
 35604 | Depths:4 | Noticed a Killer Klown
 35605 | Depths:4 | Noticed a Killer Klown
 35639 | Depths:3 | Identified the +5 glaive of the Poles {flame, rPois MR+
                  | Stlth+} (You acquired it on level 3 of the Depths)
 35729 | Depths:2 | Voluntarily entered the Abyss.
 35730 | Abyss:1  | Found a corrupted altar of Lugonu.
 35978 | Abyss:1  | Received a gift from the Shining One
 35991 | Abyss:1  | Paralysed by accursed screaming for 2 turns
 36039 | Abyss:1  | Noticed a bone dragon
 36049 | Abyss:1  | Killed a bone dragon
 36049 | Abyss:1  | Received a gift from the Shining One
 36050 | Abyss:1  | Reached XP level 20. HP: 140/166 MP: 28/28
 36374 | Abyss:1  | Received a gift from the Shining One
 36424 | Abyss:1  | Paralysed by accursed screaming for 2 turns
 36429 | Abyss:1  | Paralysed by accursed screaming for 2 turns
 36474 | Abyss:1  | Identified the +1 pair of gloves of Blue Tender Moments
                  | {+Blink Regen+ Dex-2}
 36512 | Abyss:1  | Received a gift from the Shining One
 36546 | Abyss:1  | Received a gift from the Shining One
 36556 | Abyss:1  | Received a gift from the Shining One
 36571 | Abyss:1  | Paralysed by accursed screaming for 2 turns
 36575 | Abyss:1  | Found a corrupted altar of Lugonu.
 36729 | Abyss:1  | Noticed a profane servitor
 36837 | Abyss:1  | Received a gift from the Shining One
 36882 | Abyss:1  | Reached skill level 27 in Polearms
 37007 | Abyss:1  | Received a gift from the Shining One
 37046 | Abyss:1  | Received a gift from the Shining One
 37090 | Abyss:1  | Received a gift from the Shining One
 37142 | Abyss:1  | Received a gift from the Shining One
 37246 | Abyss:1  | Reached skill level 10 in Evocations
 37353 | Abyss:1  | Reached XP level 21. HP: 170/174 MP: 19/31
 37380 | Abyss:1  | Noticed a bone dragon
 37389 | Abyss:1  | Killed a bone dragon
 37397 | Abyss:1  | Received a gift from the Shining One
 37424 | Abyss:1  | Received a gift from the Shining One
 37493 | Abyss:1  | Received a gift from the Shining One
 37675 | Abyss:1  | Received a gift from the Shining One
 37680 | Abyss:1  | Found a corrupted altar of Lugonu.
 38057 | Abyss:1  | Received a gift from the Shining One
 38061 | Abyss:1  | Paralysed by accursed screaming for 1 turns
 38067 | Abyss:1  | Reached skill level 15 in Invocations
 38085 | Abyss:1  | Noticed a bone dragon
 38107 | Abyss:1  | Killed a bone dragon
 38117 | Abyss:1  | Received a gift from the Shining One
 38182 | Abyss:1  | Received a gift from the Shining One
 38210 | Abyss:1  | Received a gift from the Shining One
 38246 | Abyss:1  | Noticed a bone dragon
 38248 | Abyss:1  | Killed a bone dragon
 38398 | Depths:2 | Escaped the Abyss
 38721 | Snake:1  | Entered Level 1 of the Snake Pit
 38853 | Snake:1  | Found Koympic's Distillery.
 38867 | Snake:1  | Identified the +3 scale mail of Cefeur {rC+ Regen+ Int-4
                  | SInv}
 39403 | Snake:1  | Received a gift from the Shining One
 39479 | Snake:1  | Found Poddesit's Magic Scroll Boutique.
 39482 | Snake:1  | Found Ypurayh's Assorted Antiques.
 39484 | Snake:1  | Bought a scroll of acquirement for 520 gold pieces
 40231 | Snake:2  | Noticed Agnes
 40242 | Snake:1  | Killed Agnes
 40331 | Snake:2  | Noticed Vashnia
 40375 | Snake:2  | Killed Vashnia
 40376 | Snake:2  | Reached XP level 22. HP: 94/185 MP: 34/34
 40713 | Snake:2  | Received a gift from the Shining One
 41086 | Snake:2  | Noticed Azrael
 41090 | Snake:2  | Received a gift from the Shining One
 41095 | Snake:2  | Killed Azrael
 41188 | Snake:3  | Entered Level 3 of the Snake Pit
 42165 | Snake:3  | Got a serpentine rune of Zot
 42596 | Forest:1 | Entered Level 1 of the Spriggan Forest
 42859 | Forest:1 | Identified the +6 great sword "Ibragon" {slice, +Blink rN+
                  | Stlth+}
 44093 | Forest:2 | Reached skill level 10 in Armour
 44239 | Forest:2 | Reached XP level 23. HP: 194/194 MP: 36/36
 44389 | Forest:2 | Received a gift from the Shining One
 44931 | Forest:3 | Entered Level 3 of the Spriggan Forest
 44999 | Forest:3 | Received a gift from the Shining One
 45349 | Forest:3 | Received a gift from the Shining One
 46013 | Forest:3 | Found a shimmering altar of Xom.
 46014 | Forest:3 | Identified the +10 quarterstaff "Hedd" {protect, rC+ SInv
                  | Stlth+}
 46014 | Forest:3 | Identified the ring "Cinu" {+Fly Int+3}
 46096 | Forest:3 | Identified the Volume of Feathery Heat
 46122 | Forest:3 | Identified the Collected Works on Evil Arts
 46128 | Forest:3 | Identified the +5 longbow of Division {speed, Int+4}
 46173 | Forest:3 | Identified the +0 leather armour of the Great Game {rC+++
                  | Str-2 Dex-5 Slay+6}
 47021 | Hell     | Entered the Vestibule of Hell
 47021 | Hell     | Noticed Geryon
 47021 | Hell     | Received a gift from the Shining One
 47026 | Hell     | Received a gift from the Shining One
 47030 | Hell     | Received a gift from the Shining One
 47041 | Hell     | Received a gift from the Shining One
 47044 | Hell     | Killed Geryon
 47044 | Hell     | Received a gift from the Shining One
 47055 | Hell     | Received a gift from the Shining One
 47068 | Hell     | Received a gift from the Shining One
 47142 | Hell     | Found a gateway to the ashen valley of Gehenna.
 47247 | Hell     | Found a gateway to the Iron City of Dis.
 47289 | Hell     | Received a gift from the Shining One
 47320 | Hell     | Received a gift from the Shining One
 47332 | Hell     | Reached XP level 24. HP: 116/204 MP: 21/36
 47419 | Hell     | Found a gateway to the freezing wastes of Cocytus.
 47439 | Hell     | Received a gift from the Shining One
 47512 | Hell     | Found a gateway to the decaying netherworld of Tartarus.
 47664 | Depths:4 | Found a gateway to a ziggurat.
 47824 | Depths:4 | Received a gift from the Shining One
 47842 | Depths:4 | Killed an ancient lich
 47895 | Depths:4 | Killed a Killer Klown
 47931 | Depths:4 | Paralysed by a floating eye for 2 turns
 47934 | Depths:4 | Received a gift from the Shining One
 47975 | Depths:4 | Killed a Killer Klown
 48162 | Depths:4 | Noticed a caustic shrike
 48169 | Depths:4 | Killed a caustic shrike
 48221 | Depths:4 | Identified Xuvig's Grimoire of Companions
 48460 | Depths:4 | Found the +6 Majin-Bo {vamp, *Drain Str+12 Int+24}
 48647 | Depths:5 | Entered Level 5 of the Depths
 48794 | Depths:5 | Paralysed by a vampire knight for 2 turns
 48879 | Depths:5 | Found a gate to the Realm of Zot.
 48930 | Depths:5 | Received a gift from the Shining One
 49029 | Depths:5 | Reached XP level 25. HP: 142/214 MP: 10/37
 49142 | Depths:5 | Found a magical portal.
 49151 | WizLab   | Entered Wucad Mu's Monastery
 49332 | WizLab   | Found the +9 staff of Wucad Mu {crush, +Abjure *Drain
                  | MP+20}
 49367 | WizLab   | Reached XP level 26. HP: 224/224 MP: 37/37
 49975 | Depths:5 | Noticed a golden dragon
 49992 | Depths:5 | Killed a golden dragon
 50139 | Depths:5 | Noticed Xtahua
 50156 | Depths:5 | Killed Xtahua
 50157 | Depths:5 | Found the +6 fire dragon scales of Xtahua {rF+++ rC- MR+}
 51154 | Depths:2 | Voluntarily entered the Abyss.
 51195 | Abyss:2  | Received a gift from the Shining One
 51289 | Abyss:3  | Found a corrupted altar of Lugonu.
 51300 | Abyss:3  | Received a gift from the Shining One
 51335 | Abyss:3  | Found a corrupted altar of Lugonu.
 51422 | Abyss:3  | Found a corrupted altar of Lugonu.
 51513 | Depths:2 | Escaped the Abyss
 51515 | Depths:2 | Voluntarily entered the Abyss.
 51549 | Abyss:3  | Found a basalt altar of Yredelemnul.
 51557 | Abyss:3  | Received a gift from the Shining One
 51674 | Abyss:3  | Received a gift from the Shining One
 51759 | Abyss:3  | Received a gift from the Shining One
 52004 | Abyss:4  | Received a gift from the Shining One
 52140 | Abyss:4  | Received a gift from the Shining One
 52163 | Abyss:4  | Got an abyssal rune of Zot
 52192 | Abyss:4  | Paralysed by accursed screaming for 1 turns
 52200 | Abyss:4  | Received a gift from the Shining One
 52229 | Depths:2 | Escaped the Abyss
 52420 | Zot:1    | Entered Level 1 of the Realm of Zot
 52606 | Zot:1    | Found a transporter.
 52607 | Zot:1    | Noticed a golden dragon
 52608 | Zot:1    | Noticed a golden dragon
 52614 | Zot:1    | Noticed a golden dragon
 52625 | Zot:1    | Killed a golden dragon
 52626 | Zot:1    | Reached XP level 27. HP: 219/236 MP: 37/37
 52757 | Zot:1    | Found a transporter.
 52759 | Zot:1    | Found the -2 hat of the Alchemist {rElec rPois rF+ rC+ rN+
                  | MR+ rMut rCorr}
 53323 | Zot:1    | Received a gift from the Shining One
 53390 | Zot:1    | Noticed a golden dragon
 53394 | Zot:1    | Killed a golden dragon
 53555 | Zot:2    | Noticed a golden dragon
 53572 | Zot:2    | Killed a golden dragon
 53700 | Zot:2    | Received a gift from the Shining One
 54026 | Zot:2    | Learned a level 2 spell: Song of Slaying
 54030 | Zot:2    | Learned a level 3 spell: Regeneration
 54034 | Zot:2    | Learned a level 3 spell: Portal Projectile
 54041 | Zot:2    | Learned a level 6 spell: Deflect Missiles
 54050 | Zot:2    | Learned a level 8 spell: Tornado
 54053 | Zot:2    | Noticed a golden dragon
 54055 | Zot:2    | Received a gift from the Shining One
 54058 | Zot:2    | Killed a golden dragon
 54104 | Zot:2    | Received a gift from the Shining One
 54260 | Zot:2    | Noticed a golden dragon
 54264 | Zot:2    | Killed a golden dragon
 54366 | Zot:2    | Noticed a golden dragon
 54373 | Zot:2    | Killed a golden dragon
 54380 | Zot:2    | Noticed an ancient lich
 54385 | Zot:2    | Killed an ancient lich
 54385 | Zot:2    | Noticed a golden dragon
 54390 | Zot:2    | Killed a golden dragon
 54506 | Zot:2    | Found a shimmering blue altar of Sif Muna.
 54518 | Zot:2    | Found a shimmering blue altar of Sif Muna.
 54663 | Zot:2    | Noticed an ancient lich
 54671 | Zot:2    | Killed an ancient lich
 54821 | Zot:2    | Found a burning altar of Makhleb.
 54884 | Zot:2    | Identified the cursed +0 hand axe of Rotten Defiance {chop,
                  | Str+4 Dex+3}
 55213 | Zot:3    | Received a gift from the Shining One
 55215 | Zot:3    | Noticed an orb of fire
 55651 | Vaults:1 | Entered Level 1 of the Vaults
 55703 | Vaults:1 | Noticed Bai Suzhen
 55723 | Vaults:1 | Killed Bai Suzhen
 55771 | Vaults:1 | Received a gift from the Shining One
 55814 | Vaults:1 | Received a gift from the Shining One
 55899 | Vaults:1 | Received a gift from the Shining One
 55959 | Vaults:1 | Found Ytur's Food Shop.
 56997 | Vaults:2 | Received a gift from the Shining One
 57012 | Vaults:2 | Noticed Jory
 57025 | Vaults:2 | Killed Jory
 57536 | Vaults:2 | Found Ixan's Gadget Boutique.
 57552 | Vaults:2 | Bought a wand of acid (8) for 306 gold pieces
 57557 | Vaults:2 | Found the ring of the Octopus King
 57563 | Vaults:2 | Identified a ring of the Octopus King {AC+1 EV+1 Str+1
                  | Int+1 Dex+1 SInv}
 57797 | Vaults:2 | Received a gift from the Shining One
 57937 | Vaults:2 | Found a runed translucent gate.
 57937 | Vaults:2 | Received a gift from the Shining One
 57938 | Vaults:2 | Found a runed translucent gate.
 57938 | Vaults:2 | Found a runed translucent gate.
 57938 | Vaults:2 | Noticed Wueresid's ghost (adept VSWz)
 58000 | Vaults:2 | Found a staircase to the Crypt.
 58365 | Crypt:1  | Entered Level 1 of the Crypt
 58428 | Crypt:1  | Received a gift from the Shining One
 58441 | Crypt:1  | Reached skill level 1 in Charms
 58448 | Crypt:1  | Reached skill level 1 in Spellcasting
 58476 | Crypt:1  | Reached skill level 1 in Translocations
 58476 | Crypt:1  | Reached skill level 1 in Air Magic
 58486 | Crypt:1  | Received a gift from the Shining One
 58634 | Crypt:1  | Received a gift from the Shining One
 58687 | Crypt:1  | Noticed Waammiq's ghost (veteran GrEE)
 58689 | Crypt:1  | Found a large runed translucent door.
 58689 | Crypt:1  | Found a large runed translucent door.
 58704 | Crypt:1  | Received a gift from the Shining One
 59105 | Crypt:2  | Entered Level 2 of the Crypt
 59111 | Crypt:2  | Identified the ring of Ucliog {rF- Str+5 Int+3}
 59191 | Crypt:2  | Received a gift from the Shining One
 59374 | Crypt:2  | Received a gift from the Shining One
 59400 | Crypt:2  | Found a staircase to the Tomb.
 59408 | Crypt:2  | Received a gift from the Shining One
 59475 | Crypt:2  | Received a gift from the Shining One
 59616 | Crypt:2  | Received a gift from the Shining One
 59640 | Crypt:2  | Received a gift from the Shining One
 59648 | Crypt:2  | Reached skill level 5 in Charms
 59650 | Crypt:2  | Received a gift from the Shining One
 59689 | Crypt:2  | Received a gift from the Shining One
 59729 | Crypt:2  | Received a gift from the Shining One
 59761 | Crypt:2  | Reached skill level 5 in Spellcasting
 59766 | Crypt:2  | Received a gift from the Shining One
 59786 | Crypt:2  | Found a basalt altar of Yredelemnul.
 59825 | Crypt:2  | Identified the +7 leather armour of the New World {*Drain
                  | rPois Dex+7}
 59878 | Crypt:2  | Identified the +1 leather armour of Least Resistance
                  | {Stlth+}
 59905 | Crypt:2  | Received a gift from the Shining One
 60002 | Crypt:2  | Received a gift from the Shining One
 60156 | Crypt:2  | Received a gift from the Shining One
 60174 | Crypt:2  | Reached skill level 5 in Translocations
 60174 | Crypt:2  | Reached skill level 5 in Air Magic
 60818 | Depths:3 | Bought a potion of ambrosia for 172 gold pieces
 60818 | Depths:3 | Bought a scroll of revelation for 172 gold pieces
 60991 | D:12     | Bought a potion of haste for 130 gold pieces
 60991 | D:12     | Bought a potion of haste for 130 gold pieces
 60991 | D:12     | Bought a potion of agility for 52 gold pieces
 60991 | D:12     | Bought a potion of might for 52 gold pieces
 60991 | D:12     | Bought a potion of heal wounds for 65 gold pieces
 60991 | D:12     | Bought a potion of resistance for 130 gold pieces
 60991 | D:12     | Bought a potion of might for 52 gold pieces
 61216 | Snake:1  | Bought a potion of magic for 90 gold pieces
 61216 | Snake:1  | Bought a potion of cancellation for 90 gold pieces
 61216 | Snake:1  | Bought a potion of brilliance for 72 gold pieces
 61216 | Snake:1  | Bought a potion of agility for 72 gold pieces
 61216 | Snake:1  | Bought a potion of might for 72 gold pieces
 61216 | Snake:1  | Bought a potion of cancellation for 90 gold pieces
 61216 | Snake:1  | Bought a potion of curing for 45 gold pieces
 61216 | Snake:1  | Bought a potion of curing for 45 gold pieces
 61446 | Orc      | Bought a potion of brilliance for 52 gold pieces
 61446 | Orc      | Bought a potion of brilliance for 52 gold pieces
 61446 | Orc      | Bought a potion of agility for 52 gold pieces
 61446 | Orc      | Bought a scroll of teleportation for 39 gold pieces
 61446 | Orc      | Bought a scroll of teleportation for 39 gold pieces
 61446 | Orc      | Bought a scroll of teleportation for 39 gold pieces
 61449 | Orc      | Learned a level 1 spell: Infusion
 62275 | Slime:1  | Entered Level 1 of the Pits of Slime
 63426 | Slime:2  | Received a gift from the Shining One
 63434 | Slime:2  | Found a viscous altar of Jiyva.
 66071 | Slime:5  | Entered Level 5 of the Pits of Slime
 66071 | Slime:5  | Found the +4 skin of Zhor {+Rage rC+++ Slay+4}
 66339 | Slime:5  | Found a viscous altar of Jiyva.
 66371 | Slime:5  | Noticed the Royal Jelly
 66392 | Slime:5  | Killed the Royal Jelly
 66480 | Slime:5  | Found the +8 glaive of the Guard {elec, +Rage AC+5 SInv}
 66492 | Slime:5  | Got a slimy rune of Zot
 66503 | Slime:5  | Identified Spellcraft, Part Six
 66521 | Slime:5  | Identified the amulet "Salifaaq" {Spirit rF+}
 66614 | Slime:5  | Identified the +3 quarterstaff of Terra Cotta {crush, +Rage
                  | rN+ MR+ SInv}
 66639 | Slime:5  | Identified a +1 pair of boots of running
 67026 | Depths:2 | Voluntarily entered the Abyss.
 67155 | Abyss:4  | Received a gift from the Shining One
 67189 | Abyss:4  | Identified the +14 crystal plate armour of Tewibume {rPois
                  | rF+ Str+4 Dex-5} (You acquired it on level 4 of the Abyss)
 67329 | Abyss:4  | Received a gift from the Shining One
 67363 | Abyss:4  | Received a gift from the Shining One
 67423 | Abyss:4  | Gained mutation: Your magical capacity is low. (-10% MP) [a
                  | cacodemon]
 67659 | Abyss:4  | Received a gift from the Shining One
 67766 | Depths:2 | Escaped the Abyss
 68068 | Zot:3    | Received a gift from the Shining One
 68188 | Zot:3    | Gained mutation: You are covered in fur. (AC +1) [an orb of
                  | fire]
 68193 | Zot:3    | Gained mutation: You are weak. (Str -2) [an orb of fire]
 68194 | Zot:3    | Killed an orb of fire
 68220 | Zot:3    | Received a gift from the Shining One
 68491 | Zot:3    | Found a shattered altar of Ashenzari.
 68745 | Zot:3    | Noticed a golden dragon
 68764 | Zot:3    | Killed a golden dragon
 69369 | Zot:4    | Noticed a golden dragon
 69382 | Zot:4    | Killed a golden dragon
 69648 | Zot:3    | Learned a level 5 spell: Lee's Rapid Deconstruction
 70506 | Snake:1  | Identified a +7 bardiche of holy wrath (a +5 bardiche
                  | blessed by the Shining One)
 70506 | Snake:1  | Received a gift from the Shining One
 71007 | Zot:1    | Noticed a golden dragon
 71031 | Zot:1    | Killed a golden dragon
 71037 | Zot:1    | Reached skill level 10 in Charms
 71127 | Zot:1    | Killed a golden dragon
 71338 | Zot:1    | Lost mutation: You are weak. (Str -2) [potion of mutation]
 71338 | Zot:1    | Lost mutation: Your magical capacity is low. (-10% MP)
                  | [potion of mutation]
 71338 | Zot:1    | Lost mutation: You are covered in fur. (AC +1) [potion of
                  | mutation]
 71338 | Zot:1    | Gained mutation: Your flesh is heat resistant. (rF+)
                  | [potion of mutation]
 71338 | Zot:1    | Gained mutation: Your muscles are strong. (Str +2) [potion
                  | of mutation]
 71680 | Zot:4    | Noticed a Killer Klown
 71680 | Zot:4    | Received a gift from the Shining One
 71687 | Zot:4    | Killed a Killer Klown
 71828 | Zot:4    | Noticed a Killer Klown
 71839 | Zot:4    | Killed a Killer Klown
 72024 | Zot:5    | Entered Level 5 of the Realm of Zot
 72218 | Zot:5    | Received a gift from the Shining One
 73008 | D:2      | Fell from the grace of the Shining One
 73008 | D:2      | Became a worshipper of Zin the Law-Giver
 73008 | D:2      | Reached * piety under Zin
 73008 | D:2      | Reached ** piety under Zin
 73008 | D:2      | Reached *** piety under Zin
 73008 | D:2      | Reached **** piety under Zin
 73008 | D:2      | Reached ***** piety under Zin
 73010 | D:2      | Donated 1796 gold pieces to Zin
 73140 | D:7      | Reached ****** piety under Zin
 73855 | Zot:5    | Noticed an ancient lich
 73872 | Zot:5    | Killed an ancient lich
 73873 | Zot:5    | Noticed an orb of fire
 73885 | Zot:5    | Killed an orb of fire
 73941 | Zot:5    | Noticed a golden dragon
 73959 | Zot:5    | Killed a golden dragon
 73960 | Zot:5    | Reached skill level 10 in Spellcasting
 74169 | Zot:5    | Noticed an ancient lich
 74171 | Zot:5    | Killed an ancient lich
 74219 | Zot:5    | Noticed an ancient lich
 74232 | Zot:5    | Killed an ancient lich
 74238 | Zot:5    | Reached skill level 10 in Translocations
 74238 | Zot:5    | Reached skill level 10 in Air Magic
 74451 | Zot:5    | Noticed an orb of fire
 74459 | Zot:5    | Noticed an orb of fire
 74471 | Zot:5    | Killed an orb of fire
 74477 | Zot:5    | Killed an orb of fire
 74480 | Zot:5    | Noticed an ancient lich
 74489 | Zot:5    | Killed an ancient lich
 74514 | Zot:5    | Noticed a Killer Klown
 74516 | Zot:5    | Noticed an orb of fire
 74516 | Zot:5    | Noticed an orb of fire
 74522 | Zot:5    | Killed a Killer Klown
 74526 | Zot:5    | Killed an orb of fire
 74531 | Zot:5    | Killed an orb of fire
 74563 | Zot:5    | Noticed a Killer Klown
 74567 | Zot:5    | Noticed an orb of fire
 74572 | Zot:5    | Killed an orb of fire
 74578 | Zot:5    | Killed a Killer Klown
 74727 | Zot:5    | Noticed an orb of fire
 74731 | Zot:5    | Killed an orb of fire
 75185 | Depths:4 | Voluntarily entered the Abyss.
 75185 | Abyss:5  | Entered Level 5 of the Abyss
 75185 | Abyss:5  | Entered Level 5 of the Abyss
 75530 | Abyss:5  | Noticed an ancient lich
 75535 | Depths:4 | Escaped the Abyss
 75650 | Depths:4 | Learned a level 7 spell: Controlled Blink
 75656 | Depths:4 | Voluntarily entered the Abyss.
 75656 | Abyss:5  | Entered Level 5 of the Abyss
 75656 | Abyss:5  | Entered Level 5 of the Abyss
 75811 | Abyss:5  | Found a corrupted altar of Lugonu.
 75999 | Abyss:5  | Found a corrupted altar of Lugonu.
 76162 | Depths:4 | Escaped the Abyss
 76253 | Depths:4 | Voluntarily entered the Abyss.
 76253 | Abyss:5  | Entered Level 5 of the Abyss
 76253 | Abyss:5  | Entered Level 5 of the Abyss
 76262 | Abyss:5  | Found a corrupted altar of Lugonu.
 76418 | Abyss:5  | Lost mutation: Your muscles are strong. (Str +2) [Zin's
                  | power]
 76769 | Depths:4 | Escaped the Abyss
 76853 | Depths:4 | Voluntarily entered the Abyss.
 76853 | Abyss:5  | Entered Level 5 of the Abyss
 76853 | Abyss:5  | Entered Level 5 of the Abyss
 77012 | Abyss:5  | Lost mutation: Your flesh is heat resistant. (rF+) [Zin's
                  | power]
 77120 | Abyss:5  | Found a corrupted altar of Lugonu.
 77268 | Depths:4 | Escaped the Abyss
 77358 | Depths:4 | Voluntarily entered the Abyss.
 77358 | Abyss:5  | Entered Level 5 of the Abyss
 77358 | Abyss:5  | Entered Level 5 of the Abyss
 77398 | Abyss:5  | Reached skill level 15 in Translocations
 77398 | Abyss:5  | Reached skill level 15 in Air Magic
 78489 | Abyss:5  | Paralysed by accursed screaming for 1 turns
 78490 | Depths:4 | Escaped the Abyss
 79181 | D:10     | Bought an uncursed ring of wizardry for 368 gold pieces
 79978 | Vaults:3 | Entered Level 3 of the Vaults
 79992 | Vaults:3 | Reached skill level 15 in Spellcasting
 80043 | Vaults:3 | Noticed a juggernaut
 80051 | Vaults:3 | Noticed a juggernaut
 80064 | Vaults:3 | Killed a juggernaut
 80072 | Vaults:3 | Killed a juggernaut
 80211 | Vaults:3 | Identified the +2 war axe "Tisemoss" {holy, rPois rN+ MR+}
 80774 | Vaults:3 | Identified the +7 bardiche "Liatalev" {vamp, +Fly rPois
                  | Int+4}
 81048 | Vaults:3 | Identified Oremuuz's Guide on Malediction
 81051 | Vaults:3 | Identified the cursed +1 spear of the Manifold Runes {pain,
                  | *Drain rElec MR+}
 81098 | Vaults:3 | Identified the amulet "Koxovuh" {Rage rF+}
 81115 | Vaults:3 | Identified the +0 hat of Cuch {rC- rN+ Stlth+}
 81179 | Vaults:3 | Identified the cursed +1 eveningstar "Murmur" {drain, +Inv
                  | rN+ MR+}
 81201 | Vaults:3 | Got a silver rune of Zot
 81288 | Vaults:3 | Identified the +9 hunting sling "Juafral" {flame, +Blink
                  | rC++}
 81559 | Vaults:3 | Identified the scarf of the Black Moon {clouds, rF+ rC+}
                  | (You acquired it on level 3 of the Vaults)
 81596 | Vaults:3 | Learned a level 6 spell: Dispersal
 81602 | Vaults:3 | Learned a level 5 spell: Silence
 81839 | Zig:1    | Entered Level 1 of a ziggurat
 81847 | Zig:1    | Reached skill level 15 in Armour
 81856 | Zig:2    | Entered Level 2 of a ziggurat
 81964 | Zig:3    | Entered Level 3 of a ziggurat
 82018 | Zig:4    | Entered Level 4 of a ziggurat
 82167 | Zig:5    | Entered Level 5 of a ziggurat
 82199 | Zig:5    | Identified the ring "Lesh" {Ice rN++ Str-4}
 82218 | Zig:6    | Entered Level 6 of a ziggurat
 82223 | Zig:6    | Noticed Wabottuidu the pandemonium lord
 82229 | Zig:6    | Noticed a golden dragon
 82229 | Zig:6    | Noticed a golden dragon
 82233 | Zig:6    | Killed Wabottuidu the pandemonium lord
 82260 | Zig:7    | Entered Level 7 of a ziggurat
 82277 | Zig:7    | Found the +6 lightning scales {run, rElec}
 82334 | Zig:7    | Identified the amulet "Nohussaf" {Inacc -Tele Int+4 Dex+4}
 82346 | Zig:7    | Identified the Grimoire of Shape Shifting and Conjuration
 82388 | Zig:8    | Entered Level 8 of a ziggurat
 82426 | Zig:8    | Identified the cursed +1 plate armour of Boiling Hail
                  | {rPois rCorr Slay-3}
 82430 | Zig:8    | Identified the +5 demon blade of Zofidem {venom, Dex+5}
 82439 | Zig:9    | Entered Level 9 of a ziggurat
 82449 | Zig:9    | Noticed Nadishri the pandemonium lord
 82449 | Zig:9    | Noticed Getuakk the pandemonium lord
 82450 | Zig:9    | Noticed Ruar the pandemonium lord
 82450 | Zig:9    | Noticed a Killer Klown
 82455 | Zig:9    | Killed Nadishri the pandemonium lord
 82458 | Zig:9    | Killed Ruar the pandemonium lord
 82463 | Zig:9    | Killed Getuakk the pandemonium lord
 82473 | Zig:9    | Killed a Killer Klown
 82511 | Zig:9    | Identified the cursed +1 scimitar of Crystal {freeze, rPois
                  | Str+7 Int-2} (You found it on level 9 of a ziggurat)
 82518 | Zig:9    | Identified the ring "Ofriah" {*Tele Dex+4}
 82630 | Zig:10   | Entered Level 10 of a ziggurat
 82688 | Zig:10   | Identified the Catalogue of Cankerous Dislocation
 82699 | Zig:11   | Entered Level 11 of a ziggurat
 82747 | Zig:11   | Found the +3 sling "Punk" {acid, rCorr}
 82761 | Zig:11   | Identified the cursed +1 quarterstaff of a bazaar {elec,
                  | +Fly rF- rC+ rN+}
 82766 | Zig:11   | Identified the Reference Book on Freezing Shape Shifting
 82797 | Zig:11   | Identified the +4 trident of Saltpetre {distort, rElec rF+
                  | rN+ Stlth+}
 82842 | Zig:12   | Entered Level 12 of a ziggurat
 82925 | Zig:12   | Identified the +4 shadow dragon scales "Baxanir" {+Inv
                  | Stlth++++}
 82928 | Zig:12   | Identified the +5 dagger of the Shallot {pierce, Int+3}
 82967 | Zig:12   | Learned a level 9 spell: Shatter
 82973 | Zig:13   | Entered Level 13 of a ziggurat
 82988 | Zig:13   | Noticed a golden dragon
 83003 | Zig:13   | Killed a golden dragon
 83020 | Zig:13   | Identified the +8 short sword of Distraction {pierce,
                  | *Corrode rElec MR+ Str+3}
 83035 | Zig:13   | Identified Fiono's Catalogue of Shifting Arcane Weapons
 83082 | Zig:14   | Entered Level 14 of a ziggurat
 83096 | Zig:14   | Noticed Atzahath the pandemonium lord
 83109 | Zig:14   | HP: 6/242 [infernal warmonger/+6 battleaxe of chopping
                  | (27)]
 83109 | Zig:14   | HP: 1/242 [infernal warmonger/+6 battleaxe of chopping (5)]
 83109 | Zig:14   | Slain by an infernal warmonger

Skill      XL: |  1  2  3  4  5  6  7  8  9 10 11 12 13 14 15 16 17 18 19 20 21 22 23 24 25 26 27 |
---------------+----------------------------------------------------------------------------------+-----
Polearms       | 5 6 7 8 9 10 11 13 15 16 18 19 21 22 23 24 25 26 27 | 27.0
Fighting       | 4 5 6 7 8 9 10 11 12 13 14 15 16 17 18 19 20 21 22 23 25 | 25.4
Dodging        | 5 6 8 9 11 12 13 14 15 16 17 | 17.6
Throwing       | 3 5 6 7 8 10 11 12 13 14 15 16 18 19 20 22 | 22.2
Invocations    | 4 6 7 8 9 11 13 16 18 19 20 21 22 | 22.8
Evocations     | 3 5 7 8 10 14 | 14.5
Armour         | 2 4 5 6 8 10 11 12 16 | 16.3
Charms         | 12 | 12.0
Spellcasting   | 16 | 16.5
Translocations | 19 | 19.2
Air Magic      | 19 | 19.2

Action                   |  1- 3 |  4- 6 |  7- 9 | 10-12 | 13-15 | 16-18 | 19-21 | 22-24 | 25-27 || total
-------------------------+-------+-------+-------+-------+-------+-------+-------+-------+-------++-------
Melee: Trident           |   102 |   134 |   332 |   419 |    56 |       |       |       |       ||  1043
       Glaive            |       |       |       |   188 |   866 |       |       |       |       ||  1054
       Halberd           |       |       |       |    45 |       |       |       |       |       ||    45
       Tailslap          |       |       |       |       |    11 |    29 |       |     3 |       ||    43
       Bardiche          |       |       |       |       |    67 |   877 |   962 |   978 |  3340 ||  6224
       Staff             |       |       |       |       |       |       |       |       |     1 ||     1
Throw: Tomahawk          |       |    10 |    52 |    20 |    86 |       |       |       |       ||   168
       Javelin           |       |       |       |       |     5 |   243 |   138 |   243 |  1683 ||  2312
 Cast: Song of Slaying   |       |       |       |       |       |       |       |       |    44 ||    44
       Infusion          |       |       |       |       |       |       |       |       |    40 ||    40
       Tornado           |       |       |       |       |       |       |       |       |    19 ||    19
       Silence           |       |       |       |       |       |       |       |       |     3 ||     3
       Deflect Missiles  |       |       |       |       |       |       |       |       |     2 ||     2
       Portal Projectile |       |       |       |       |       |       |       |       |     1 ||     1
Invok: Summon Divine War |       |       |       |       |     1 |       |     1 |       |       ||     2
       Divine Shield     |       |       |       |       |       |     2 |       |     6 |    17 ||    25
       Cleansing Flame   |       |       |       |       |       |       |    32 |    27 |    25 ||    84
       Vitalisation      |       |       |       |       |       |       |       |       |    21 ||    21
       Recite            |       |       |       |       |       |       |       |       |    14 ||    14
       Sanctuary         |       |       |       |       |       |       |       |       |     1 ||     1
       Donate Gold       |       |       |       |       |       |       |       |       |     1 ||     1
       Brand Weapon With |       |       |       |       |       |       |       |       |     1 ||     1
 Abil: Evoke Flight      |       |       |       |       |       |     1 |       |       |       ||     1
       Evoke Ratskin     |       |       |       |       |       |     2 |       |       |       ||     2
       Evoke Blink       |       |       |       |       |       |       |       |       |     2 ||     2
Evoke: Wand              |       |       |       |     9 |     2 |    16 |     1 |       |     2 ||    30
       Lamp of fire      |       |       |       |       |       |       |     2 |     3 |     4 ||     9
       Lightning rod     |       |       |       |       |       |       |       |       |     1 ||     1
  Use: Potion            |     2 |       |     2 |     7 |     4 |    10 |    10 |     7 |    38 ||    80
       Scroll            |       |     2 |     4 |    17 |    13 |    14 |     7 |     2 |    27 ||    86
 Stab: Sleeping          |     2 |     1 |     3 |       |       |       |       |       |       ||     6
       Distracted        |       |     1 |       |       |       |       |       |       |     2 ||     3
       Confused          |       |       |       |       |       |       |       |       |     9 ||     9
  Eat: Chunk             |     5 |     8 |    20 |    25 |    38 |    40 |    30 |    43 |    75 ||   284
       Ration            |       |       |       |     2 |     3 |     4 |     5 |     3 |    41 ||    58
Armor: Leather armour    |    21 |    26 |    35 |    63 |       |       |       |       |       ||   145
       Ring mail         |       |       |       |     7 |       |       |       |       |       ||     7
       Troll leather arm |       |       |       |    26 |     9 |       |       |       |       ||    35
       Swamp dragon scal |       |       |       |       |   143 |   117 |   196 |   233 |   272 ||   961
       Crystal plate arm |       |       |       |       |       |       |       |       |   767 ||   767
Dodge: Dodged            |    33 |    72 |   123 |   368 |   644 |   799 |   760 |   849 |  2662 ||  6310
       Deflected         |       |       |       |       |       |       |       |       |   170 ||   170
Block: Other             |       |       |       |       |       |     3 |       |   137 |   750 ||   890
